 Dungeon Crawl Stone Soup version 0.31.0-12-g77e489cdc1 (webtiles) character file.

Game seed: 15849024107958863924

108 Cheops the Ruffian (level 4, -1/28 HPs)
             Began as an Octopode Shapeshifter on Feb 23, 2024.
             Slain by Grinder (3 damage)
             ... while paralysed by Grinder
             ... on level 3 of the Dungeon.
             The game lasted 00:05:50 (1733 turns).

Cheops the Ruffian (Octopode Shapeshifter)          Turns: 1733, Time: 00:05:51

Health: -1/28      AC:  1    Str: 15    XL:     4   Next: 87%
Magic:  4/4        EV:  2    Int: 12    God:
Gold:   68         SH:  0    Dex: 11    Spells: 3/3 levels left

rFire   . .          .
                       - Unarmed
rCold   . . .        (no shield)
rNeg    . . .        (helmet currently unavailable)
rPois   .            (no amulet)
rElec   .            (no ring)
rCorr   .            (no ring)
SInv    .            (no ring)
Will    .....        (no ring)
Stlth   ++           (no ring)
HPRegen 0.24/turn    (no ring)
MPRegen 0.09/turn    (no ring)
                     (no ring)

%: no passive effects
@: paralysed, beast-form
A: beast (slay +2), almost no armour, amphibious, 8 rings, camouflage 1,
gelatinous body 1, (nimble swimmer 1), tentacles
a: Begin Untransformation


You were on level 3 of the Dungeon.
You were a hulking beast.
You visited 1 branch of the dungeon, and saw 3 of its levels.

You collected 68 gold pieces.

Inventory:

Talismans
 b - a beast talisman (active)
 c - a flux talisman
Scrolls
 f - a scroll of noise {unknown}
 i - a scroll of blinking {unknown}
 l - a scroll of enchant weapon {unknown}
 m - a scroll of revelation {unknown}
 n - a scroll of identify {unknown}
Potions
 a - a potion of lignification
 d - 3 potions of mutation {unknown}
 e - a potion of curing
 g - a potion of invisibility
 h - a potion of berserk rage {unknown}
 j - a potion of attraction {unknown}
 k - a potion of degeneration {unknown}


   Skills:
 - Level 1.0 Fighting
 - Level 2.0 Dodging
 * Level 4.7 Unarmed Combat
 + Level 3.8 Shapeshifting


You had 3 spell levels left.
You didn't know any spells.
Your spell library contained the following spells:

 Spells                   Type           Power      Damage    Failure   Level
 Fugue of the Fallen      Necr           0%         N/A       69%         3
 Ozocubu's Armour         Ice            0%         N/A       69%         3
 Manifold Assault         Tloc           0%         N/A       97%         4


Dungeon Overview and Level Annotations

Branches:
Dungeon (3/15)

Altars:

Shops:
D:1 (

Annotations:
D:3 Grinder


Innate Abilities, Weirdness & Mutations

You are a hulking beast.
Your limbs bulge with bestial killing power. (Slay +2)
You cannot wear most types of armour.
You are amphibious.
You can wear up to eight rings at the same time.
Your skin changes colour to match your surroundings (Stealth+).
Your rubbery body absorbs attacks. (AC +1, EV +1)
((You are camouflaged when in or above water. (Stealth+)))
You have tentacles for arms and can constrict up to eight enemies at once.


Message History

Unknown command.
You tentacle-slap Grinder. Your grab misses Grinder. You squeeze Grinder.
Grinder is lightly wounded.
Grinder gestures at you.
You suddenly lose the ability to move!
Grinder gestures at you.
You barely resist. Grinder gestures at you.
You shrug off the repeated paralysis!
Grinder hits you!
You writhe in agony.
Grinder hits you.
* * * LOW HITPOINT WARNING * * *
You writhe in agony.
* * * LOW HITPOINT WARNING * * *
You can move again.
You tentacle-slap Grinder. You grab Grinder.
Grinder is moderately wounded.
You constrict Grinder.
Grinder struggles to blink free from constriction.
You barely miss Grinder. You squeeze Grinder, but do no damage.
Grinder is moderately wounded.
You constrict Grinder.
Grinder says, "Don't move a muscle."
Grinder closely misses you.
You tentacle-slap Grinder. Your squeeze misses Grinder.
Grinder is moderately wounded.
You constrict Grinder. Grinder hits you.
* * * LOW HITPOINT WARNING * * *
You writhe in agony.
* * * LOW HITPOINT WARNING * * *
You tentacle-slap Grinder. You squeeze Grinder!
Grinder is almost dead.
You constrict Grinder. Grinder gestures at you.
You suddenly lose the ability to move!
You lose your grip on Grinder.
Grinder gestures at you.
You shrug off the repeated paralysis!
Grinder hits you.
You die...
Grinder sighs, "Dead already?
I want a refund."

#..............
#..........#..#
#........)...#####.
#.?.................
#....................
#.........#..........
#.....................
#.?...5h<.............
#.........#...........
#########.............
#.#...........
#.##..........
#.###.....#.. #.#
##.#### # #.. #....# .
## ###..## #


You could see Grinder.

Vanquished Creatures
  3 gnolls (D:2)
  3 adders (D:2)
  An endoplasm (D:2)
  6 giant cockroaches
  4 goblins
  5 hobgoblins
  7 ball pythons
  7 bats
  6 frilled lizards
  8 kobolds
  3 rats
  A spectral goblin (D:2)
54 creatures vanquished.

Notes
Turn   | Place    | Note
-------+----------+-------------------------------------------
     0 | D:1      | Cheops the Octopode Shapeshifter began the quest for the
                  | Orb.
     0 | D:1      | Reached XP level 1. HP: 13/13 MP: 1/1
   201 | D:1      | Reached XP level 2. HP: 17/18 MP: 2/2
   398 | D:1      | Reached XP level 3. HP: 14/23 MP: 3/3
   542 | D:1      | Found Qohips's Weapon Emporium.
   847 | D:2      | You fall into a shaft and drop 1 floor!
   867 | D:3      | Noticed Grinder
   868 | D:3      | Paralysed by Grinder for 4 turns
   878 | D:2      | Reached skill level 4 in Unarmed Combat
  1050 | D:2      | Found a faded altar of an unknown god.
  1111 | D:2      | Reached XP level 4. HP: 19/28 MP: 4/4
  1723 | D:3      | Paralysed by Grinder for 5 turns
  1731 | D:3      | Paralysed by Grinder for 5 turns
  1733 | D:3      | Slain by Grinder

Illustrated notes

Levels and vault maps discovered:
D:1:      nagdon_arrival_zigzag_paths, layout_basic, serial_shops,
          nicolae_shop_pleasant_corner_grove
D:2:      layout_rooms, dreamdust_ecumenical_altar_drowned_temple
D:3:      layout_rooms, kennysheep_doodads, serial_park_tiny_2, minmay_cupped,
          uniq_grinder, uniq_terence

Skill      XL: |  1  2  3 |
---------------+----------+-----
Unarmed Combat | 4 |  4.7
Fighting       | |  1.0
Dodging        | |  2.0
Shapeshifting  | |  3.8

Action                     |  1- 3 |  4- 6 || total
---------------------------+-------+-------++-------
  Melee: Unarmed           |    74 |    35 ||   109
         Constrict         |    14 |     8 ||    22
         Tentacles         |     6 |    10 ||    16
         Punch             |     3 |     3 ||     6
Ability: Begin Untransform |     1 |       ||     1
    Use: Potion            |     2 |       ||     2
   Stab: Sleeping          |     3 |     2 ||     5
 Armour: Skin              |    35 |    18 ||    53
  Dodge: Dodged            |    40 |    14 ||    54
   Form: Beast             |     1 |       ||     1
